 Dungeon Crawl Stone Soup version 0.30-a0-620-g0e44632947 (webtiles) character file.

Game seed: 5638784661599188202

92 Malachi the Gusty (level 4, -2/18 HPs)
             Began as a Felid Air Elementalist on Jan 10, 2023.
             Killed by their own static electricity (3 damage)
             ... on level 4 of the Dungeon.
             The game lasted 00:07:25 (4654 turns).

Malachi the Gusty (Felid Air Elementalist)          Turns: 4654, Time: 00:07:26

Health: -2/18      AC:  1    Str:  4    XL:     4   Next: 35%
Magic:  4/10       EV: 17    Int: 18    God:
Gold:   131        SH:  0    Dex: 16    Spells: 0/10 levels left
                                        Lives:  0   Deaths: 1

rFire   . . .      SeeInvis +    (weapon unavailable)
rCold   . . .      Faith    .    (shield unavailable)
rNeg    . . .      Spirit   .    (body armour unavailable)
rPois   .          Reflect  .    (helmet unavailable)
rElec   .          Harm     .    (cloak unavailable)
rCorr   .          Rampage  .    (gloves unavailable)
Will    .....                    (boots unavailable)
Stlth   ++                       (no amulet)
HPRegen 0.23/turn                (no ring)
MPRegen 0.12/turn                (no ring)

@: quick
A: very small, claws 1, fangs 3, see invisible, speed 1, shaggy fur 1, stealthy
paws, no weapons or thrown items, no armour, multi-lived
a: no special abilities


You were on level 4 of the Dungeon.
You visited 1 branch of the dungeon, and saw 4 of its levels.

You collected 131 gold pieces.

Inventory:

Scrolls
 c - a scroll of fog {unknown}
 d - 2 scrolls of magic mapping {unknown}
 e - 2 scrolls of noise {unknown}
 g - 2 scrolls of vulnerability {unknown}
 j - a scroll of identify {unknown}
Potions
 a - a potion of magic
 b - a potion of mutation {unknown}
 f - a potion of brilliance {unknown}
 h - a potion of degeneration {unknown}
 i - a potion of haste {unknown}
 k - a potion of curing {unknown}
 l - a potion of invisibility {unknown}


   Skills:
 - Level 2.6 Dodging
 - Level 2.6 Stealth
 * Level 3.7 Spellcasting
 - Level 0.8 Conjurations
 + Level 4.2 Air Magic


You couldn't memorise any spells.
You knew the following spells:

 Your Spells              Type           Power      Damage    Failure   Level
a - Shock                 Conj/Air       48%        1d6       5%          1
b - Static Discharge      Conj/Air       24%        2-3/arc   9%          2
c - Swiftness             Air            18%        N/A       9%          3
d - Airstrike             Air            9%         2d(2-18)  26%         4

Your spell library contained the following spells:

 Spells                   Type           Power      Damage    Failure   Level


Dungeon Overview and Level Annotations

Branches:
Dungeon (4/15)
 Temple: D:4-7

Altars:

Shops:
D:1 [?:


Innate Abilities, Weirdness & Mutations

You have sharp claws.
You have razor-sharp teeth.
You have supernaturally acute eyesight. (SInv)
You cover ground quickly. (Speed+)
You are covered in fur. (AC +1)
Your paws help you pounce on unaware monsters.
You are incapable of wielding weapons or throwing items.
You cannot wear armour.
You gain extra lives every three experience levels.


Message History

You start resting.
Magic restored.
You start waiting.
Done waiting.
You climb downwards.
There is a stone staircase leading up here.
You see here the felid skeleton of Malachi.
Unknown command.
Items here: )) [[.
The black bear growls angrily.
Casting: Shock (safe; 5% risk of failure)
Confirm with . or Enter, or press ? or * to list all spells.
The black bear is struck by an arc of lightning.
The black bear is lightly wounded.
You are struck by an arc of lightning.
The black bear is struck by an arc of lightning.
The black bear is moderately wounded.
You are struck by an arc of lightning.
The lightning grounds out.
The black bear barely misses you.
The black bear claws you but does no damage.
The black bear closely misses you.
Casting: Static Discharge (safe; 9% risk of failure)
Confirm with . or Enter, or press ? or * to list all spells.
The black bear is struck by an arc of lightning.
The black bear is moderately wounded.
You are struck by an arc of lightning.
The black bear is struck by an arc of lightning.
The black bear is heavily wounded.
The lightning grounds out.
The black bear bites you!
Ouch! That really hurt!
* * * LOW HITPOINT WARNING * * *
The black bear claws you.
* * * LOW HITPOINT WARNING * * *
The black bear completely misses you.
Casting: Static Discharge (safe; 9% risk of failure)
Confirm with . or Enter, or press ? or * to list all spells.
The black bear is struck by an arc of lightning.
The black bear is severely wounded.
You are struck by an arc of lightning.
You die...

.....##..#[..........
#....#....##........
#..#...............
#..#รท[##...#.......
..
##.#).###...###.....
#.. #..#..##...##
#....
#..#####....#....###
.....
........)<[..!.....#.#
#
.##....)##@.###.....#
..####......h..#
#...###
...............# #.#.#
#).....#.#...###.#.#
#.##.....#####..##.#.#
#.......# #..?#o..##
##......# #....o...#
###...## #...........#
.....# #...##....###


You could see a black bear.

Vanquished Creatures
  An orc priest (D:4)
  An orc wizard (D:3)
  2 adders
  2 worms
  A dart slug (D:3)
  10 orcs (D:4)
  6 ball pythons
  2 bats
  3 endoplasms
  5 giant cockroaches
  6 goblins
  4 hobgoblins
  6 jackals
  A kobold (D:2)
  2 frilled lizards
  4 rats
56 creatures vanquished.

Vanquished Creatures (others)
  3 plants (D:2)
3 creatures vanquished.

Grand Total: 59 creatures vanquished

Notes
Turn   | Place    | Note
-------+----------+-------------------------------------------
     0 | D:1      | Malachi the Felid Air Elementalist began the quest for the
                  | Orb.
     0 | D:1      | Reached XP level 1. HP: 7/7 MP: 4/4
   170 | D:1      | Found Soreter's Book Shop.
   206 | D:1      | Found Ygyg's Antique Armour Boutique.
   271 | D:1      | Reached skill level 3 in Air Magic
   537 | D:1      | Reached XP level 2. HP: 11/11 MP: 1/6
   600 | D:1      | Found Pyuteom's Magic Scroll Shoppe.
   866 | D:1      | Learned a level 2 spell: Static Discharge
  1590 | D:2      | Reached XP level 3. HP: 7/14 MP: 2/7
  2188 | D:2      | Found a faded altar of an unknown god.
  3082 | D:4      | Noticed a black bear
  3092 | D:4      | Reached XP level 4. HP: 18/18 MP: 6/9
  3125 | D:3      | Learned a level 3 spell: Swiftness
  3542 | D:4      | Noticed a scorpion
  4000 | D:3      | Reached skill level 4 in Air Magic
  4169 | D:4      | Killed from afar by an orc priest
  4170 | D:4      | Reached XP level 3. HP: -7/14 MP: 4/8
  4175 | D:4      | Reached XP level 4. HP: 11/18 MP: 6/10
  4260 | D:4      | Learned a level 4 spell: Airstrike
  4654 | D:4      | Killed from afar by themself

Illustrated notes

Levels and vault maps discovered:
D:1:      roderic_crop_circles_arrival_small, layout_rooms, serial_shops,
          nicolae_shop_waterfront, nicolae_shop_waterfront,
          nicolae_shop_waterfront, serial_forest,
          infiniplex_forest_clump_double, infiniplex_forest_lined_corner,
          infiniplex_forest_join, infiniplex_forest_lined_corner,
          infiniplex_forest_clump_tiny, infiniplex_forest_zigzag_2
D:2:      layout_rooms, chequers_ecumenical_altar_grove, serial_bayou_pond_b,
          hangedman_decor_points, minmay_fountain_box
D:3:      layout_loops_ring
D:4:      cheibrodos_barr_body, layout_cave_pools,
          nicolae_overflow_hidden_temple, gup_sewer_entry_spiral

Skill      XL: |  1  2  3  4 |
---------------+-------------+-----
Air Magic      | 3 4 |  4.2
Spellcasting   | 3 |  3.7
Dodging        | |  2.6
Stealth        | |  2.6
Conjurations   | |  0.8

Action                   |  1- 3 |  4- 6 || total
-------------------------+-------+-------++-------
Melee: Unarmed           |    35 |     8 ||    43
       Bite              |     2 |     1 ||     3
 Cast: Shock             |    75 |    41 ||   116
       Static Discharge  |     7 |    20 ||    27
 Stab: Sleeping          |     1 |       ||     1
Armor: Skin              |     3 |     2 ||     5
Dodge: Dodged            |    54 |    26 ||    80

Table legend: (Time is in decaauts)
 A = Elapsed time spent in this place.
 B = Non-inter-level travel time spent in this place.
 C = Inter-level travel time spent in this place.
 D = Time resting spent in this place.
 E = Time spent auto-exploring this place.
 F = Levels seen in this place.
 G = Mean time per level.
                   A        B        C        D        E       F      G
               +--------+--------+--------+--------+--------+-----+--------+
         Total |   4263 |   3976 |    287 |   1816 |   1465 |   4 | 1065.8 |
       Dungeon |   4263 |   3976 |    287 |   1816 |   1465 |   4 | 1065.8 |
               +--------+--------+--------+--------+--------+-----+--------+

Top non-repeatable levels by time:
     D:3: 1684 daAuts
     D:1: 1283 daAuts
     D:2: 856 daAuts
     D:4: 438 daAuts
